 Dungeon Crawl Stone Soup version 0.30-a0-639-g3916f1956a (webtiles) character file.

Game seed: 3901857046127906735

1054 wormed the Blocker (level 8, 0/64 HPs)
             Began as a Gnoll Wanderer on Jan 15, 2023.
             Was a Follower of Cheibriados.
             Slain by a steam dragon (5 damage)
             ... on level 6 of the Dungeon.
             The game lasted 00:08:16 (6253 turns).

wormed the Blocker (Gnoll Wanderer)                 Turns: 6253, Time: 00:08:17

Health: 0/64       AC: 10    Str: 12    XL:     8   Next: 26%
Magic:  14/14      EV: 13    Int: 11    God:    Cheibriados [*.....]
Gold:   240        SH:  9    Dex: 20    Spells: 14/15 levels left

rFire   + . .      SeeInvis .    l - staff of earth
rCold   + . .      Faith    .    e - +2 buckler
rNeg    . . .      Spirit   .    g - +0 leather armour
rPois   +          Reflect  .    b - +0 helmet
rElec   +          Harm     .    o - +0 cloak
rCorr   +          Rampage  .    k - +0 pair of gloves
Will    .....                    (no boots)
Stlth   ++                       (no amulet)
HPRegen 0.30/turn                h - +4 ring of protection
MPRegen 0.14/turn                i - +4 ring of slaying

@: resistant, very slow
A: fangs 1, strong nose, distributed training, deterioration 2, sense
surroundings 1
a: Renounce Religion, Bend Time


You were on level 6 of the Dungeon.
You worshipped Cheibriados.
Cheibriados was aware of your devotion.
You visited 2 branches of the dungeon, and saw 7 of its levels.

You collected 240 gold pieces.

Inventory:

Missiles
 p - 2 poisoned darts (quivered)
Armour
 b - a +0 helmet (worn)
 e - a +2 buckler (worn)
 g - a +0 leather armour (worn)
 k - a +0 pair of gloves (worn)
 o - a +0 cloak (worn)
Magical Staves
 l - a staff of earth (weapon)
Jewellery
 h - a +4 ring of protection (left hand)
 i - a +4 ring of slaying (right hand)
Scrolls
 m - 4 scrolls of fog
Potions
 c - 3 potions of curing
 d - a potion of flight


   Skills:
 + Level 5.6 Fighting
 + Level 3.2 Short Blades
 + Level 3.2 Long Blades
 + Level 3.2 Axes
 + Level 3.2 Maces & Flails
 + Level 3.2 Polearms
 + Level 3.2 Staves
 + Level 3.2 Ranged Weapons
 + Level 3.2 Throwing
 + Level 3.2 Armour
 + Level 4.2 Dodging
 + Level 3.2 Stealth
 + Level 9.1 Shields
 + Level 3.2 Unarmed Combat
 + Level 4.3 Spellcasting
 + Level 2.6 Conjurations
 + Level 2.6 Hexes
 + Level 2.6 Summonings
 + Level 2.6 Necromancy
 + Level 2.6 Translocations
 + Level 2.6 Transmutations
 + Level 2.6 Fire Magic
 + Level 2.6 Ice Magic
 + Level 2.6 Air Magic
 + Level 2.6 Earth Magic
 + Level 3.4 Poison Magic
 + Level 3.5 Invocations
 + Level 4.2 Evocations


You had 14 spell levels left.
You knew the following spells:

 Your Spells              Type           Power      Damage    Failure   Level
a - Sting                 Tmut/Pois      36%        1d4       11%         1

Your spell library contained the following spells:

 Spells                   Type           Power      Damage    Failure   Level
 Slow                     Hex            32%        N/A       12%         1
 Spider Form              Tmut/Pois      9%         N/A       30%         3
 Confusing Touch          Hex            8%         N/A       36%         3
 Dazzling Flash           Conj/Hex       16%        N/A       36%         3
 Vampiric Draining        Necr           8%         2d6       36%         3
 Agony                    Necr           8%         N/A       98%         5
 Silence                  Hex/Air        4%         N/A       98%         5


Dungeon Overview and Level Annotations

Branches:
Dungeon (6/15)             Temple (1/1) D:5

Altars:
Ashenzari
Cheibriados
Dithmenos
Fedhas
Hepliaklqana
Kikubaaqudgha
Nemelex Xobeh
Okawaru
Qazlal
Ru
Sif Muna
Trog
Uskayaw
Vehumet
Wu Jian
Xom
Zin
The Shining One

Shops:
D:3 ??


Innate Abilities, Weirdness & Mutations

You have very sharp teeth.
Your uncanny sense of smell can sniff out nearby items.
Your experience applies equally to all skills.
Your body often deteriorates upon taking damage.
You passively map a small area around you.


Message History

You barely miss the steam dragon. You bite the steam dragon.
The steam dragon is moderately wounded.
The steam dragon misses you. The steam dragon closely misses you.
The white imp gestures at you.
The puff of frost hits you but does no damage.
You resist.
You hit the steam dragon.
The steam dragon is moderately wounded.
The steam dragon bites you but does no damage.
You block the steam dragon's attack. The white imp closely misses you.
You hit the steam dragon but do no damage.
The steam dragon is moderately wounded.
The steam dragon barely misses you.
The steam dragon claws you but does no damage.
The white imp hits you but does no damage.
You hit the steam dragon.
The steam dragon is heavily wounded.
The steam dragon barely misses you. You block the steam dragon's attack.
You block the white imp's attack.
You closely miss the steam dragon.
The steam dragon is heavily wounded.
You block the steam dragon's attack. x2
The white imp gestures at you. The puff of frost misses you.
You barely miss the steam dragon.
The steam dragon is heavily wounded.
The steam dragon barely misses you. You block the steam dragon's attack.
The white imp barely misses you.
You hit the steam dragon.
You shatter the steam dragon.
The steam dragon is severely wounded.
The steam dragon completely misses you.
The steam dragon claws you but does no damage.
The white imp gestures at you. You block the puff of frost.
The steam dragon breathes steam at you. The ball of steam misses you.
The white imp closely misses you.
You hit the steam dragon but do no damage.
The steam dragon is severely wounded.
The steam dragon bites you.
You die...

#.....# #.....# * #..
#.....# +8.., ####.....##
.....
..........######.....,
,....................#
....$.....#......<# *
......5§§§##....###
......D@§§##....#
........§§##.#### #.#
############.# #.# ####.#
#.# , #....# #.#
#########....######.# .
,,.............#....#.###.
, #####...#....##.#.#.....
#.#.#....##.#.#<....


You could see a steam dragon (catching breath) and a white imp.

Vanquished Creatures
  An ice beast (D:5)
  2 black bears (D:4)
  A phantom (D:5)
  A bullfrog (D:6)
  A gnoll sergeant (D:4)
  A necrophage (D:4)
  2 scorpions (D:4)
  An orc priest (D:4)
  A gnoll bouda (D:4)
  A hound (D:5)
  2 iguanas (D:5)
  An orc wizard (D:4)
  8 gnolls
  5 adders
  A white imp (D:4)
  An ufetubus (D:5)
  2 worms
  3 dart slugs
  11 orcs
  6 ball pythons
  8 endoplasms
  4 giant cockroaches
  10 goblins
  7 hobgoblins
  6 bats
  4 frilled lizards
  3 kobolds
  3 rats
97 creatures vanquished.

Notes
Turn   | Place    | Note
-------+----------+-------------------------------------------
     0 | D:1      | wormed the Gnoll Wanderer began the quest for the Orb.
     0 | D:1      | wormed set off with the following items: a +0 dagger, a +0
                  | helmet, a potion of lignification, a +0 robe, a +2 buckler;
                  | and the following spell memorised: Sting; and the following
                  | spells available to memorise: Spider Form.
     0 | D:1      | Reached XP level 1. HP: 20/20 MP: 4/4
   185 | D:1      | Reached XP level 2. HP: 22/26 MP: 5/5
  1110 | D:2      | Found a shadowy altar of Dithmenos.
  1194 | D:2      | Reached XP level 3. HP: 31/31 MP: 7/7
  1273 | D:2      | Reached skill level 1 in Invocations
  1864 | D:3      | Reached skill level 1 in Short Blades
  1864 | D:3      | Reached skill level 1 in Long Blades
  1864 | D:3      | Reached skill level 1 in Axes
  1864 | D:3      | Reached skill level 1 in Maces & Flails
  1864 | D:3      | Reached skill level 1 in Polearms
  1864 | D:3      | Reached skill level 1 in Staves
  1864 | D:3      | Reached skill level 1 in Ranged Weapons
  1864 | D:3      | Reached skill level 1 in Throwing
  1864 | D:3      | Reached skill level 1 in Armour
  1864 | D:3      | Reached skill level 1 in Stealth
  1864 | D:3      | Reached skill level 1 in Unarmed Combat
  1869 | D:3      | Found Xaopok's Magic Scroll Emporium.
  1994 | D:3      | Found Terom's Magic Scroll Shop.
  2055 | D:3      | Reached XP level 4. HP: 37/38 MP: 8/8
  2091 | D:3      | Reached skill level 1 in Conjurations
  2091 | D:3      | Reached skill level 1 in Hexes
  2091 | D:3      | Reached skill level 1 in Summonings
  2091 | D:3      | Reached skill level 1 in Necromancy
  2091 | D:3      | Reached skill level 1 in Translocations
  2091 | D:3      | Reached skill level 1 in Transmutations
  2091 | D:3      | Reached skill level 1 in Fire Magic
  2091 | D:3      | Reached skill level 1 in Ice Magic
  2091 | D:3      | Reached skill level 1 in Air Magic
  2091 | D:3      | Reached skill level 1 in Earth Magic
  2385 | D:3      | Found a faded altar of an unknown god.
  2690 | D:4      | Noticed a black bear
  2854 | D:4      | Noticed a black bear
  2878 | D:4      | Killed a black bear
  2879 | D:4      | Reached XP level 5. HP: 8/43 MP: 9/9
  3082 | D:4      | Killed a black bear
  3083 | D:4      | Reached skill level 5 in Fighting
  3083 | D:4      | Reached XP level 6. HP: 19/51 MP: 9/11
  3622 | D:4      | Reached XP level 7. HP: 50/55 MP: 12/12
  3721 | D:4      | HP: 2/55 [orc priest/divine providence (16)]
  3726 | D:5      | Entered Level 5 of the Dungeon
  4632 | D:4      | Reached skill level 9 in Shields
  4963 | D:5      | Found a staircase to the Ecumenical Temple.
  5076 | Temple   | Entered the Ecumenical Temple
  5254 | Temple   | Became a worshipper of Cheibriados the Contemplative
  5603 | D:5      | Reached XP level 8. HP: 58/63 MP: 14/14
  6157 | D:6      | Reached * piety under Cheibriados
  6236 | D:6      | Gained mutation: You passively map a small area around you.
                  | [potion of mutation]
  6236 | D:6      | Gained mutation: Your body sometimes deteriorates upon
                  | taking damage. [potion of mutation]
  6236 | D:6      | Gained mutation: Your body often deteriorates upon taking
                  | damage. [potion of mutation]
  6241 | D:6      | HP: 3/64 [steam dragon/ball of steam (7)]
  6253 | D:6      | Slain by a steam dragon

Illustrated notes

Levels and vault maps discovered:
D:1:      evilmike_arrival_fibonacci_small, layout_basic,
          minmay_misc_feat_pillars
D:2:      layout_loops_ring, basic_altar, hangedman_glass_teeth,
          kennysheep_generic_room_8
D:3:      layout_rooms, serial_shops, shop, nicolae_shop_advertising_works
          [nicolae_subvault_shop_adworks], shapermc_ecumenical_altar_flowoftime
D:4:      layout_rooms, minmay_misc_feat_square
D:5:      layout_loops_corners, minmay_temple_entry_mini_moons
D:6:      layout_basic, jmf_multi_god_temple2
Temple:   bh_familiar_temple

Skill      XL: |  1  2  3  4  5  6  7 |
---------------+----------------------+-----
Poison Magic   | 2 3 |  3.4
Invocations    | 1 2 3 |  3.5
Short Blades   | 1 2 3 |  3.2
Long Blades    | 1 2 3 |  3.2
Axes           | 1 2 3 |  3.2
Maces & Flails | 1 2 3 |  3.2
Polearms       | 1 2 3 |  3.2
Staves         | 1 2 3 |  3.2
Ranged Weapons | 1 2 3 |  3.2
Throwing       | 1 2 3 |  3.2
Armour         | 1 2 3 |  3.2
Stealth        | 1 2 3 |  3.2
Unarmed Combat | 1 2 3 |  3.2
Spellcasting   | 3 4 |  4.3
Conjurations   | 1 2 |  2.6
Hexes          | 1 2 |  2.6
Summonings     | 1 2 |  2.6
Necromancy     | 1 2 |  2.6
Translocations | 1 2 |  2.6
Transmutations | 1 2 |  2.6
Fire Magic     | 1 2 |  2.6
Ice Magic      | 1 2 |  2.6
Air Magic      | 1 2 |  2.6
Earth Magic    | 1 2 |  2.6
Dodging        | 3 4 |  4.2
Evocations     | 3 4 |  4.2
Fighting       | 5 |  5.6
Shields        | 9 |  9.1

Action                   |  1- 3 |  4- 6 |  7- 9 || total
-------------------------+-------+-------+-------++-------
Melee: Dagger            |   234 |   305 |    98 ||   637
       Bite              |    22 |    33 |    31 ||    86
       Staff             |       |       |   178 ||   178
Throw: Dart              |       |     9 |     3 ||    12
       Throwing net      |       |     1 |       ||     1
  Use: Scroll            |     5 |     1 |     5 ||    11
       Potion            |     1 |     1 |     3 ||     5
 Stab: Sleeping          |     3 |     1 |     3 ||     7
Armor: Robe              |    18 |       |       ||    18
       Leather armour    |    49 |   107 |   113 ||   269
       Skin              |    22 |    14 |       ||    36
Dodge: Dodged            |   104 |   155 |   138 ||   397
Block: Buckler           |    99 |   133 |   108 ||   340

Table legend: (Time is in decaauts)
 A = Elapsed time spent in this place.
 B = Non-inter-level travel time spent in this place.
 C = Inter-level travel time spent in this place.
 D = Time resting spent in this place.
 E = Time spent auto-exploring this place.
 F = Levels seen in this place.
 G = Mean time per level.
                   A        B        C        D        E       F      G
               +--------+--------+--------+--------+--------+-----+--------+
         Total |   6435 |   6053 |    382 |      0 |   4608 |   7 |  919.3 |
       Dungeon |   6243 |   5874 |    369 |      0 |   4448 |   6 | 1040.5 |
        Temple |    191 |    178 |     13 |      0 |    160 |   1 |  191.0 |
               +--------+--------+--------+--------+--------+-----+--------+

Top non-repeatable levels by time:
     D:5: 1644 daAuts
     D:4: 1342 daAuts
     D:3: 1189 daAuts
     D:1: 1112 daAuts
     D:2: 817 daAuts
  Temple: 191 daAuts
     D:6: 137 daAuts
